 Dungeon Crawl Stone Soup version 0.32-a0-30-gefbe487952 (webtiles) character file.

Game seed: 5272138340845199578

100 Malachi the Firebug (level 4, -8/31 (33) HPs)
             Began as a Demigod Fire Elementalist on Jan 19, 2024.
             Mangled by a wight
             ... wielding a +3 long sword
              (9 damage)
             ... on level 3 of the Dungeon.
             The game lasted 00:02:36 (2263 turns).

Malachi the Firebug (Demigod Fire Elementalist)     Turns: 2263, Time: 00:02:36

HP:   -8/31 (33)    AC:  2    Str:  9    XL:     4   Next: 23%
MP:   10/19         EV: 12    Int: 21    God:
Gold: 103           SH:  0    Dex: 14    Spells: 5/8 levels left

rFire   . . .        c - +3 dagger
rCold   . . .        (no shield)
rNeg    . . .        a - +0 robe
rPois   .            r - +0 hat
rElec   .            (no cloak)
rCorr   +            (no gloves)
SInv    .            (no boots)
Will    .....        (no amulet)
Stlth   ++           o - ring of magical power
HPRegen 0.25/turn    n - ring of resist corrosion
MPRegen 0.16/turn

%: no passive effects
@: very slightly contaminated, drained
A: high MP 1, forlorn, divine attributes
a: no special abilities


You were on level 3 of the Dungeon.
You visited 1 branch of the dungeon, and saw 3 of its levels.

You collected 103 gold pieces.

Inventory:

Hand Weapons
 c - a +3 dagger (weapon)
 j - a +0 sling
Missiles
 k - a throwing net
Armour
 a - a +0 robe (worn)
 r - a +0 hat (worn)
Jewellery
 d - a ring of see invisible
 n - a ring of resist corrosion (right hand)
 o - a ring of magical power (left hand)
Scrolls
 f - a scroll of teleportation {unknown}
 l - a scroll of amnesia {unknown}
 p - a scroll of revelation {unknown}
 q - a scroll of brand weapon {unknown}
Potions
 b - 2 potions of magic
 e - 2 potions of curing
 g - 2 potions of mutation {unknown}
 h - a potion of heal wounds {unknown}
 i - a potion of degeneration {unknown}
 m - a potion of haste {unknown}


   Skills:
 - Level 1.8 Dodging
 - Level 1.8 Stealth
 + Level 2.7 Spellcasting
 + Level 2.2 Conjurations
 + Level 3.5 Fire Magic


You had 5 spell levels left.
You knew the following spells:

 Your Spells              Type           Power      Damage    Failure   Level
a - Foxfire               Conj/Fire      56%        2x1d6     4%          1
b - Scorch                Fire           34%        2d6       4%          2

Your spell library contained the following spells:

 Spells                   Type           Power      Damage    Failure   Level
 Cigotuvi's Dreadful Rot  Necr/Alch/Air  4%         N/A       21%         2
 Ensorcelled Hibernation  Hex/Ice        4%         N/A       21%         2
 Inner Flame              Hex/Fire       10%        N/A       21%         3
 Volatile Blastmotes      Fire/Tloc      20%        2d11      21%         3
 Dazzling Flash           Conj/Hex       14%        N/A       26%         3
 Passwall                 Erth           2%         N/A       38%         3
 Swiftness                Air            2%         N/A       38%         3
 Flame Wave               Conj/Fire      14%        2d6       38%         4
 Dispel Undead            Necr           2%         3d7       80%         4
 Martyr's Knell           Necr/Summ      2%         N/A       80%         4
 Death Channel            Necr           1%         N/A       100%        6
 Starburst                Conj/Fire      7%         6d4       100%        6
 Maxwell's Capacitive Co  Air            1%         ∞         100%        8


Dungeon Overview and Level Annotations

Branches:
Dungeon (3/15)


Innate Abilities, Weirdness & Mutations

You have an increased reservoir of magic. (+10% MP)
You shall have no god before yourself.
Your divine heritage dramatically boosts your attributes as you level up.


Message History

The wight is moderately damaged.
The wight's fire resistance burns away.
Something shouts, "Get thee hence, thou obnoxious fly-bitten toady!"
The wight barely misses you.
Casting: Scorch (safe; 4% risk of failure)
Confirm with . or Enter, or press ? or * to list all spells.
Flames lash the wight.
The wight is heavily damaged.
The wight's fire resistance burns away.
The wight hits you with a +3 long sword!
Unknown command.
Unknown command.
The wight attacks as it pursues you!
The wight hits you with a +3 long sword.
Casting: Scorch (safe; 4% risk of failure)
Confirm with . or Enter, or press ? or * to list all spells.
Flames lash the wight.
The wight is almost destroyed.
The wight's fire resistance burns away.
Unknown command.
Unknown command.
Casting: Scorch (safe; 4% risk of failure)
Confirm with . or Enter, or press ? or * to list all spells.
You miscast Scorch.
You are very lightly contaminated with residual magic.
Nothing appears to happen.
The wight hits you with a +3 long sword!
You feel drained.
Unknown command.
Casting: Scorch (safe; 4% risk of failure)
Confirm with . or Enter, or press ? or * to list all spells.
Flames lash the wight.
The wight is severely damaged.
The wight's fire resistance burns away.
The wight hits you with a +3 long sword!
* * * LOW HITPOINT WARNING * * *
Unknown command.
The wight attacks as it pursues you!
The wight hits you with a +3 long sword!
You die...

.#######..#.. .#
..........#(...#
..#####...#.#..# ...##
#...#..#.# .#..#
#...#..#.#
.##.###....##..#
.##.##.........#
.##....##.....#### #####
##
..##.########...@###...#
######. #. #..####
####.z.z...####......
#.##..†..#
####z........#####
#..#.###......
#.....#####.....#
#...########.
#.#####...#####..
##......# #.'.zz.z_..
##.#....# #.#####...#
##.#....## .... #
##.#.....##########


You could see 3 wights.

Vanquished Creatures
  A hound (D:2)
  An adder (D:2)
  2 ribbon worms (D:2)
  5 endoplasms
  5 giant cockroaches
  6 goblins
  3 hobgoblins (D:1)
  2 jackals (D:2)
  4 kobolds
  2 quokkas (D:2)
  7 ball pythons
  7 bats
  2 frilled lizards
  5 rats
52 creatures vanquished.

Vanquished Creatures (others)
  15 foxfires
15 creatures vanquished.

Grand Total: 67 creatures vanquished

Notes
Turn   | Place    | Note
-------+----------+-------------------------------------------
     0 | D:1      | Malachi the Demigod Fire Elementalist began the quest for
                  | the Orb.
     0 | D:1      | Reached XP level 1. HP: 14/14 MP: 5/5
    16 | D:1      | Reached skill level 1 in Conjurations
   186 | D:1      | Reached XP level 2. HP: 20/20 MP: 7/7
   323 | D:1      | Reached skill level 3 in Fire Magic
   840 | D:2      | Reached XP level 3. HP: 12/26 MP: 9/9
  1320 | D:2      | Learned a level 2 spell: Scorch
  1368 | D:2      | Reached XP level 4. HP: 4/33 MP: 7/10
  2262 | D:3      | HP: 1/31 [wight/+3 long sword (10)]
  2263 | D:3      | Mangled by a wight

Illustrated notes

Levels and vault maps discovered:
D:1:      dpeg_arrival_simpleton_a, layout_basic
D:2:      layout_loops_corners, minmay_split_cup_large
D:3:      layout_rooms, old_standard_altar, mainiacjoe_overflow_surrounded_room,
          serial_shops, nicolae_shop_mannequins, minmay_curled_crystal,
          minivault_25, uniq_natasha

Skill      XL: |  1  2  3 |
---------------+----------+-----
Conjurations   | 1 2 |  2.2
Spellcasting   | 2 |  2.7
Fire Magic     | 3 |  3.5
Dodging        | |  1.8
Stealth        | |  1.8

Action                     |  1- 3 |  4- 6 || total
---------------------------+-------+-------++-------
  Melee: Dagger            |   113 |    27 ||   140
         Punch             |     2 |       ||     2
   Cast: Foxfire           |    10 |       ||    10
         Scorch            |       |     7 ||     7
    Use: Scroll            |     3 |       ||     3
   Stab: Sleeping          |     4 |     3 ||     7
         Distracted        |     1 |       ||     1
 Armour: Robe              |    65 |    17 ||    82
  Dodge: Dodged            |    83 |    15 ||    98

Table legend: (Time is in decaauts)
 A = Elapsed time spent in this place.
 B = Non-inter-level travel time spent in this place.
 C = Inter-level travel time spent in this place.
 D = Time resting spent in this place.
 E = Time spent auto-exploring this place.
 F = Levels seen in this place.
 G = Mean time per level.
                   A        B        C        D        E       F      G
               +--------+--------+--------+--------+--------+-----+--------+
         Total |   2260 |   2184 |     76 |    281 |   1508 |   3 |  753.3 |
       Dungeon |   2260 |   2184 |     76 |    281 |   1508 |   3 |  753.3 |
               +--------+--------+--------+--------+--------+-----+--------+

Top non-repeatable levels by time:
     D:2: 1307 daAuts
     D:1: 711 daAuts
     D:3: 241 daAuts
